 Dungeon Crawl Stone Soup version 0.28.0-43-g3370ac3207 (webtiles) character file.

Game seed: 14969608344227981439

119 pkoi the Ruffian (level 4, -5/36 HPs)
             Began as a Demigod Gladiator on Mar 28, 2022.
             Slain by Grinder (9 damage)
             ... on level 4 of the Dungeon.
             The game lasted 00:02:26 (2943 turns).

pkoi the Ruffian (Demigod Gladiator)                Turns: 2943, Time: 00:02:27

Health: -5/36      AC:  4    Str: 19    XL:     4   Next: 46%
Magic:  6/6        EV: 12    Int: 16    God:
Gold:   124        SH:  0    Dex: 15    Spells: 1/3 levels left

rFire   . . .      SeeInvis .   l - +8 dagger of the Wilderness {elec, Int+6}
rCold   . . .      Faith    .   (no shield)
rNeg    . . .      Spirit   .   a - +0 leather armour
rPois   .          Reflect  .   b - +0 helmet
rElec   .          Harm     .   (no cloak)
rCorr   .          Rampage  .   (no gloves)
Will    .....                   (no boots)
Stlth   +.........              e - amulet of magic regeneration
HPRegen 0.12/turn               (no ring)
MPRegen 0.50/turn               (no ring)

@: attractive
A: high MP 1, forlorn, divine attributes, mutation resistance 1, sense
surroundings 1
a: no special abilities


You were on level 4 of the Dungeon.
You visited 1 branch of the dungeon, and saw 4 of its levels.

You collected 124 gold pieces.

Inventory:

Hand Weapons
 j - a +0 dagger
 k - a +0 long sword
 l - the +8 dagger of the Wilderness (weapon) {elec, Int+6}
   (You found it on level 2 of the Dungeon)

   It occasionally discharges a powerful burst of electricity upon striking a
   foe.
   Int:       It affects your intelligence (+6).
Missiles
 c - 2 throwing nets (quivered)
 p - 5 boomerangs of dispersal
Armour
 a - a +0 leather armour (worn)
 b - a +0 helmet (worn)
Jewellery
 e - an amulet of magic regeneration (around neck)
Scrolls
 d - 2 scrolls of identify {unknown}
 g - a scroll of noise {unknown}
 h - a scroll of vulnerability {unknown}
Potions
 f - a potion of mutation
 i - a potion of attraction


   Skills:
 + Level 1.9 Fighting
 - Level 1.7 Throwing
 - Level 2.6 Dodging
 * Level 5.0 Unarmed Combat


You had one spell level left.
You knew the following spells:

 Your Spells              Type           Power      Damage    Failure   Level
a - Blink                 Tloc           0%         N/A       41%         2

Your spell library contained the following spells:

 Spells                   Type           Power      Damage    Failure   Level
 Stone Arrow              Conj/Erth      0%         3d7       65%         3
 Animate Armour           Summ/Erth      0%         N/A       96%         4
 Manifold Assault         Tloc           0%         N/A       100%        5
 Storm Form               Tmut/Air       0%         N/A       100%        7
 Lehudib's Crystal Spear  Conj/Erth      0%         10d2      100%        8


Dungeon Overview and Level Annotations

Branches:
Dungeon (4/15)
 Temple: D:4-7

Shops:
D:2 *

Annotations:
D:4 Grinder


Innate Abilities, Weirdness & Mutations

You have an increased reservoir of magic. (+10% MP)
You shall have no god before yourself.
Your divine heritage dramatically boosts your attributes as you level up.
You are somewhat resistant to further mutation.
You passively map a small area around you.


Message History

* * * LOW HITPOINT WARNING * * *
You flicker for a moment.
Grinder hits you.
* * * LOW HITPOINT WARNING * * *
You writhe in agony.
* * * LOW HITPOINT WARNING * * *
Grinder says, "You look like you could use a good racking."
Grinder hits you.
* * * LOW HITPOINT WARNING * * *
Grinder hits you.
* * * LOW HITPOINT WARNING * * *
You writhe in agony.
* * * LOW HITPOINT WARNING * * *
You can move again.
Unknown command.
Unknown command.
Unknown command.
You puncture Grinder!
Grinder is moderately wounded.
Grinder says, "Make like a tree!"
Grinder hits you.
* * * LOW HITPOINT WARNING * * *
You writhe in agony.
* * * LOW HITPOINT WARNING * * *
Okay, then.
Throw: 3 throwing nets
Press: ? - help, Q - select action, (/) - cycle Shift-Dir - straight line, f - Grinder
Aim: Grinder (moderately wounded, 53% to hit)
You throw a throwing net. The throwing net hits Grinder.
Grinder is caught in the net!
Grinder is moderately wounded.
Grinder struggles against the net.
You hit Grinder. Lightning courses through Grinder! You punch Grinder.
Grinder is almost dead.
Grinder blinks!
Grinder is attracted toward you.
You see here a throwing net.
You flicker back into view.
Grinder hits you!
You die...

####.#### #.# #.# *
#.# ########### *
#..###.###.§........
#............#.#**
##.####.##.#.#.####
* #.##.#.5....# ,
#....###@##.##.# * ,
* ####.###(##..... *
#...†.......#
**#.########### * *
... * * * ,* * * , ,
,, , * , , *,


You could see Grinder.

Vanquished Creatures
  Jessica (D:2)
  3 adders
  2 worms (D:3)
  2 dart slugs (D:3)
  5 orcs (D:3)
  6 endoplasms
  2 giant cockroaches
  3 goblins (D:2)
  3 hobgoblins
  4 quokkas
  8 ball pythons
  2 bats
  A frilled lizard (D:3)
  5 kobolds
  4 rats
51 creatures vanquished.

Notes
Turn   | Place    | Note
-------+----------+-------------------------------------------
     0 | D:1      | pkoi the Demigod Gladiator began the quest for the Orb.
     0 | D:1      | Reached XP level 1. HP: 17/17 MP: 3/3
   342 | D:1      | Reached skill level 3 in Unarmed Combat
   963 | D:1      | Reached XP level 2. HP: 23/24 MP: 4/4
  1192 | D:2      | Noticed Jessica
  1198 | D:2      | Killed Jessica
  1199 | D:2      | Reached skill level 4 in Unarmed Combat
  1199 | D:2      | Reached XP level 3. HP: 26/29 MP: 5/5
  1504 | D:2      | Identified the +8 dagger of the Wilderness {elec, Int+6}
  1545 | D:2      | Noticed a shining eye
  1549 | D:2      | Noticed an eye of devastation
  1549 | D:2      | Noticed a shining eye
  1549 | D:2      | Noticed an eye of devastation
  1572 | D:2      | Found Yvve's Assorted Antiques.
  2251 | D:3      | Reached XP level 4. HP: 31/36 MP: 6/6
  2682 | D:3      | Learned a level 2 spell: Blink
  2913 | D:4      | Noticed Grinder
  2919 | D:4      | Gained mutation: You passively map a small area around you.
                  | [potion of mutation]
  2919 | D:4      | Gained mutation: You are somewhat resistant to further
                  | mutation. [potion of mutation]
  2931 | D:4      | Reached skill level 5 in Unarmed Combat
  2934 | D:4      | Paralysed by Grinder for 5 turns
  2943 | D:4      | Slain by Grinder

Illustrated notes

Levels and vault maps discovered:
D:1:      roderic_crossed_star, layout_loops_ring
D:2:      layout_basic, serial_shops, shop,
          hellmonk_ecumenical_altar_watching_god, palyth_stone_intersect,
          nicolae_figureground_sparkle, uniq_jessica
D:3:      layout_rooms
D:4:      kb_forest_paths, layout_loops_cross, minmay_temple_entry_tees,
          uniq_grinder, uniq_sigmund

Skill      XL: |  1  2  3  4 |
---------------+-------------+-----
Unarmed Combat | 3 4 5 |  5.0
Fighting       | |  1.9
Throwing       | |  1.7
Dodging        | |  2.6

Action                   |  1- 3 |  4- 6 || total
-------------------------+-------+-------++-------
Melee: Unarmed           |    62 |       ||    62
       Punch             |     3 |     1 ||     4
       Dagger            |    38 |    38 ||    76
Throw: Throwing net      |       |     1 ||     1
  Use: Potion            |       |     5 ||     5
 Stab: Sleeping          |     2 |       ||     2
       Invisible         |       |     2 ||     2
Armor: Leather armour    |    23 |     6 ||    29
Dodge: Dodged            |    55 |    30 ||    85
